 Dungeon Crawl Stone Soup version 0.30.1-4-g462c640d31 (webtiles) character file.

Game seed: 7106316256261884277

12894 Wiggles the Severer (level 11, -18/81 (82) HPs)
             Began as a Minotaur Berserker on Aug 15, 2023.
             Was a High Priest of Trog.
             Demolished by a gnoll sergeant
             ... wielding a +4 trident of distortion
              (19 damage)
             ... on level 11 of the Dungeon.
             The game lasted 00:21:34 (11330 turns).

Wiggles the Severer (Minotaur Berserker)           Turns: 11330, Time: 00:21:34

HP:   -18/81 (82)   AC: 16    Str: 29    XL:     11   Next: 68%
MP:   0/10          EV: 17    Int:  8    God:    Trog [*****.]
Gold: 525           SH:  0    Dex: 16    Spells: 10/10 levels left

rFire   . . .        Q - +4 war axe
rCold   + . .        (no shield)
rNeg    . . .        K - +5 ring mail of Recklessness {rC+ Str+3 Int-2}
rPois   +            N - +2 hat
rElec   .            x - +2 cloak
rCorr   +            D - +0 pair of gloves
SInv    .            (no boots)
Will    .....        J - amulet of guardian spirit
Stlth   +++          k - +6 ring of intelligence
HPRegen 0.33/turn    d - ring "Veojaizusk" {Contam rPois rCorr Dex+6}
MPRegen 0.12/turn

%: guardian spirit
@: agile, lightly drained
A: horns 2, retaliatory headbutt
a: Renounce Religion, Berserk, Trog's Hand, Brothers in Arms


You were on level 11 of the Dungeon.
You worshipped Trog.
Trog was extremely pleased with you.
You visited 1 branch of the dungeon, and saw 11 of its levels.
You visited the Abyss 1 time.

You collected 645 gold pieces.
You spent 120 gold pieces at shops.

Inventory:

Hand Weapons
 a - a +1 hand axe
 u - a +0 hand axe of venom
 Q - a +4 war axe (weapon)
Armour
 x - a +2 cloak (worn)
 y - a +0 plate armour
 D - a +0 pair of gloves (worn)
 K - the +5 ring mail of Recklessness (worn) {rC+ Str+3 Int-2}
   (You found it on level 6 of the Dungeon)

   Str:       It affects your strength (+3).
   Int:       It affects your intelligence (-2).
   rC:        It protects you from cold.
 L - a +3 chain mail
 N - a +2 hat (worn)
Jewellery
 d - the ring "Veojaizusk" (right hand) {Contam rPois rCorr Dex+6}
   (You acquired it on level 7 of the Dungeon)

   [ring of dexterity]

   Dex:       It affects your dexterity (+6).
   rPois:     It protects you from poison.
   Contam:    It causes magical contamination when unequipped.
   rCorr:     It protects you from acid and corrosion.
 g - a ring of protection from fire
 k - a +6 ring of intelligence (left hand)
 n - a ring of protection from fire
 J - an amulet of guardian spirit (around neck)
 O - an amulet of the acrobat
Wands
 m - a wand of mindburst (7)
 s - a wand of flame (18)
 w - a wand of digging (5)
 A - a wand of polymorph (2)
 B - a wand of roots (11)
 C - a wand of charming (14)
Scrolls
 b - 6 scrolls of vulnerability
 c - 2 scrolls of magic mapping
 l - a scroll of blinking
 t - 4 scrolls of teleportation
 v - a scroll of identify
 F - 2 scrolls of poison
 I - 3 scrolls of immolation
 P - a scroll of fog
Potions
 e - a potion of brilliance
 f - 2 potions of cancellation
 h - a potion of lignification
 i - a potion of attraction
 j - 3 potions of curing
 o - a potion of might
 p - a potion of resistance {unknown}
 q - 6 potions of flight
 r - 2 potions of haste
 z - 2 potions of magic
 E - a potion of berserk rage
 G - 3 potions of degeneration
 R - a potion of mutation {unknown}


   Skills:
 - Level 3.6 Fighting
 + Level 19.2 Axes
 - Level 2.4 Armour
 - Level 2.1 Dodging
 + Level 7.7 Stealth
 + Level 4.1 Unarmed Combat


You had 10 spell levels left.
You didn't know any spells.
Your spell library was empty.

Dungeon Overview and Level Annotations

Branches:
Dungeon (11/15)            Temple (0/1) D:6            Lair (0/5) D:11
    Orc (0/2) D:11

Altars:
Dithmenos
Elyvilon
Gozag
Kikubaaqudgha
Nemelex Xobeh
Okawaru
Ru
Sif Muna
Uskayaw
Wu Jian
Xom
Zin

Shops:
D:7 *

Portals:
Abyss: D:5

Annotations:
D:5 2 transporters, Esekla's ghost, weakling DENe
D:11 Psyche


Innate Abilities, Weirdness & Mutations

You have a pair of horns on your head.
You reflexively headbutt those who attack you in melee.


Message History

Space warps around you.
* * * LOW HITPOINT WARNING * * *
The gnoll barely misses you. You furiously retaliate!
You headbutt the gnoll!
You kill the gnoll!
Trog accepts your kill. Something barely misses you.
You feel much better.
The gnoll sergeant hits you with a +4 trident of distortion.
You blink.
You hear some strange, mumbled words.
A swirling arc of seething chaos appears!
An arc of chaos appears from out of thin air!
The arc of chaos hits the gnoll sergeant but does no damage.
The gnoll sergeant misses you.
There is an open door here.
Something hits you.
You feel drained.
The gnoll sergeant hits you with a +4 trident of distortion!
Space warps horribly around you!
* * * LOW HITPOINT WARNING * * *
Something hits you but does no damage.
You hit the gnoll sergeant but do no damage.
You headbutt the gnoll sergeant, but do no damage.
You barely miss something.
The gnoll sergeant completely misses you.
Something hits you but does no damage.
You barely miss the gnoll sergeant. You miss something.
The gnoll sergeant hits you with a +4 trident of distortion!
* * * LOW HITPOINT WARNING * * *
Space warps horribly around you!
* * * LOW HITPOINT WARNING * * *
Something barely misses you.
You barely miss the gnoll sergeant. You headbutt the gnoll sergeant!
The gnoll sergeant is moderately wounded.
You closely miss something.
You hear some strange, mumbled words.
Something tries to affect you, but you resist.
The gnoll sergeant hits you with a +4 trident of distortion.
* * * LOW HITPOINT WARNING * * *
Space warps horribly around you!!
You die...

........[..#...........#.#####...
........####...........#.....'...
.>......# #...........#######...
........# #...........# #...
######### ##########.## #...
#......# #... #.###### ####
######'######## #..>.>@........
#.....g........ #.....).)......
#....)......... #.....)........
#.........!.... #..............
#.............. ###############


You could see a gnoll sergeant.

Vanquished Creatures
  Gastronok (D:9)
  Amaemon (D:9)
  Maurice (D:11)
  A gargoyle (D:11)
  An orange demon (D:9)
  Grinder (D:3)
  A hornet (D:7)
  Sigmund (D:2)
  A wyvern (D:10)
  A wraith (D:11)
  A vampire (D:11)
  21 yaks
  A steam dragon (D:9)
  4 vampire mosquitoes (D:11)
  2 wargs (D:11)
  Edmund (D:4)
  10 orc warriors
  A black bear (D:6)
  2 ice beasts
  3 ogres (D:9)
  5 centaurs
  A phantom (D:5)
  2 bullfrogs
  3 kobold brigands
  Blork the orc (D:4)
  A gnoll sergeant (D:9)
  18 killer bees
  3 howler monkeys
  9 orc priests
  Crazy Yiuf (D:5)
  2 hounds
  3 iguanas
  2 jellies (D:5)
  4 sleepcaps
  5 gnoll boudas
  11 orc wizards
  31 gnolls
  7 adders
  3 white imps
  An ufetubus (D:6)
  3 dart slugs
  47 orcs
  11 endoplasms
  11 giant cockroaches
  5 goblins
  9 hobgoblins
  10 jackals
  6 quokkas
  4 ball pythons
  7 bats
  5 frilled lizards
  15 kobolds
  5 rats
307 creatures vanquished.

Vanquished Creatures (collateral kills)
  A thrashing horror (Abyss:1)
1 creature vanquished.

Vanquished Creatures (others)
  A human (D:5)
  A howler monkey (D:11)
  A gnoll (D:11)
3 creatures vanquished.

Grand Total: 311 creatures vanquished

Notes
Turn   | Place    | Note
-------+----------+-------------------------------------------
     0 | D:1      | Wiggles the Minotaur Berserker began the quest for the Orb.
     0 | D:1      | Reached XP level 1. HP: 19/19 MP: 0/0
    60 | D:1      | Reached skill level 4 in Axes
   177 | D:1      | Reached XP level 2. HP: 26/26 MP: 1/1
   447 | D:1      | Reached skill level 5 in Axes
   568 | D:1      | Reached XP level 3. HP: 30/31 MP: 2/2
   760 | D:1      | Reached ** piety under Trog
  1269 | D:2      | Reached XP level 4. HP: 24/39 MP: 3/3
  1341 | D:2      | Reached skill level 6 in Axes
  1705 | D:2      | Reached XP level 5. HP: 44/45 MP: 4/4
  1714 | D:2      | Identified the +1 scale mail of Limited Liability {Dex+4}
  1780 | D:2      | Found a faded altar of an unknown god.
  1847 | D:2      | Noticed Sigmund
  1855 | D:2      | Killed Sigmund
  1856 | D:2      | Reached skill level 8 in Axes
  1856 | D:2      | Reached skill level 1 in Stealth
  1856 | D:2      | Reached XP level 6. HP: 51/51 MP: 5/5
  2142 | D:3      | Reached *** piety under Trog
  2361 | D:3      | Noticed Grinder
  2373 | D:3      | Paralysed by Grinder for 2 turns
  2377 | D:3      | Killed Grinder
  2378 | D:3      | Reached skill level 9 in Axes
  2378 | D:3      | Reached XP level 7. HP: 49/57 MP: 6/6
  2461 | D:3      | Found a sparkling altar of Nemelex Xobeh.
  3106 | D:4      | Noticed Edmund
  3123 | D:4      | Killed Edmund
  3204 | D:4      | Reached skill level 10 in Axes
  3233 | D:4      | Noticed Blork the orc
  3242 | D:4      | Killed Blork the orc
  3624 | D:4      | Found an opulent altar of Gozag.
  3624 | D:4      | Found a glowing silver altar of Zin.
  3784 | D:5      | Entered Level 5 of the Dungeon
  3825 | D:5      | Reached **** piety under Trog
  3836 | D:5      | Reached skill level 1 in Unarmed Combat
  3887 | D:5      | Found an ancient bone altar of Kikubaaqudgha.
  3888 | D:5      | Noticed a human
  3890 | D:5      | Killed a human
  4017 | D:5      | Reached XP level 8. HP: 63/64 MP: 7/7
  4047 | D:5      | Noticed an ancient zyme
  4067 | D:5      | Found a transporter.
  4078 | D:5      | Reached skill level 11 in Axes
  4283 | D:5      | Found a one-way gate to the infinite horrors of the Abyss.
  4283 | D:5      | Noticed Esekla's ghost (weakling DENe)
  4308 | D:5      | Found a transporter.
  4397 | D:5      | Found a runed translucent door.
  4398 | D:5      | Noticed Crazy Yiuf
  4400 | D:5      | Identified the +1 hammer "Noxtos" {freeze, rCorr}
  4408 | D:5      | Killed Crazy Yiuf
  4708 | D:6      | Found an iron altar of Okawaru.
  4944 | D:6      | Identified the +5 ring mail of Recklessness {rC+ Str+3
                  | Int-2}
  5123 | D:6      | Found a staircase to the Ecumenical Temple.
  5162 | D:6      | Reached skill level 12 in Axes
  5396 | D:7      | Found a shadowy altar of Dithmenos.
  5430 | Abyss:1  | Cast into level 1 of the Abyss (gnoll)
  5438 | Abyss:1  | Noticed a thrashing horror
  5444 | Abyss:1  | Killed a thrashing horror
  5445 | Abyss:1  | Reached skill level 13 in Axes
  5445 | Abyss:1  | Reached XP level 9. HP: 59/70 MP: 6/8
  5449 | D:7      | Escaped the Abyss
  6031 | D:7      | Found Hooliar's Assorted Antiques.
  6046 | D:7      | Bought a twisted opal ring for 120 gold pieces
  6330 | D:7      | Paralysed by a hornet for 1 turns
  6344 | D:7      | Reached skill level 14 in Axes
  6506 | D:7      | Identified a scroll of acquirement
  6506 | D:7      | Acquired the ring "Veojaizusk" {Contam rPois rCorr Dex+6}
  6697 | D:8      | Reached skill level 15 in Axes
  7223 | D:9      | Reached skill level 5 in Stealth
  7223 | D:9      | Reached XP level 10. HP: 51/77 MP: 5/9
  7330 | D:9      | Found an ornate altar of the Wu Jian Council.
  7557 | D:9      | Identified the +3 ring mail of Upoferr {+Blink}
  7557 | D:9      | Noticed Gastronok
  7585 | D:9      | Killed Gastronok
  7586 | D:9      | Reached skill level 16 in Axes
  7671 | D:9      | Found a shimmering altar of Xom.
  8125 | D:9      | Found a sacrificial altar of Ru.
  8247 | D:9      | Reached skill level 17 in Axes
  8248 | D:9      | Noticed Amaemon
  8251 | D:9      | Noticed an orange demon
  8260 | D:9      | Killed Amaemon
  8268 | D:9      | Killed an orange demon
  8340 | D:9      | Reached XP level 11. HP: 48/82 MP: 8/10
  8351 | D:9      | Reached ***** piety under Trog
  9146 | D:10     | Entered Level 10 of the Dungeon
  9152 | D:10     | Found a white marble altar of Elyvilon.
  9544 | D:10     | Reached skill level 18 in Axes
  9940 | D:10     | Found a hide-covered altar of Uskayaw.
 10067 | D:10     | Found a shimmering blue altar of Sif Muna.
 10637 | D:11     | Found a staircase to the Orcish Mines.
 10712 | D:11     | Noticed Maurice
 10728 | D:11     | Killed Maurice
 10854 | D:11     | Found a staircase to the Lair.
 11144 | D:11     | Received a gift from Trog
 11152 | D:11     | Reached skill level 19 in Axes
 11300 | D:11     | Noticed Psyche
 11330 | D:11     | HP: 1/81 [gnoll sergeant/+4 trident of distortion (5)]
 11330 | D:11     | Demolished by a gnoll sergeant

Illustrated notes

Levels and vault maps discovered:
D:1:      sevenhm_arrival_forest_fort_large_2, layout_basic,
          minmay_misc_feat_four_crosses
D:2:      layout_loops_cross, hellmonk_ecumenical_altar_defaced_shrine,
          uniq_sigmund
D:3:      layout_basic, mainiacjoe_overflow_tiny_flanked,
          kennysheep_another_room, uniq_grinder
D:4:      layout_loops_ring, grunt_temple_overflow_gold_and_silver,
          minmay_quantized, uniq_edmund, uniq_blork_the_orc
D:5:      layout_rooms, tgw_kikubaaqudgha, gammafunk_ghost_abyssal_escape,
          uniq_crazy_yiuf_cottage
D:6:      layout_rooms, amcnicky_altar_gilded, minmay_temple_entry_hall
D:7:      layout_basic, nicolae_overflow_crystal_walls, serial_shops, shop
D:8:      layout_gridville
D:9:      kennysheep_seaside_town, layout_loops_ring,
          nicolae_ru_the_path_less_chosen, lemuel_doored_altar,
          mainiacjoe_overflow_surrounded_room, uniq_gastronok, uniq_amaemon
D:10:     layout_basic, mainiacjoe_overflow_six_doors_small,
          nicolae_uskayaw_dance_hall, overflow_temple_1_default
D:11:     layout_roguey, erik_lair_orcish_takeover, david_orc_2,
          gauntlet_entry_generic, uniq_psyche, uniq_maurice

Skill      XL: |  1  2  3  4  5  6  7  8  9 10 11 |
---------------+----------------------------------+-----
Axes           | 4 5 6 8 9 10 13 15 17 19 | 19.2
Stealth        | 1 2 3 5 6 7 |  7.7
Unarmed Combat | 1 2 3 4 |  4.1
Fighting       | |  3.6
Armour         | |  2.4
Dodging        | |  2.1

Action                     |  1- 3 |  4- 6 |  7- 9 | 10-12 || total
---------------------------+-------+-------+-------+-------++-------
  Melee: Hand axe          |    90 |    86 |   341 |   145 ||   662
         Headbutt          |     9 |    15 |    71 |    69 ||   164
         Unarmed           |       |       |    12 |       ||    12
         Punch             |       |       |     6 |    17 ||    23
         War axe           |       |       |       |   160 ||   160
 Invoke: Berserk           |       |     2 |     5 |     6 ||    13
         Brothers in Arms  |       |       |     1 |       ||     1
  Evoke: Wand              |       |       |       |     4 ||     4
    Use: Scroll            |       |       |    23 |     5 ||    28
         Potion            |       |       |       |     2 ||     2
   Stab: Sleeping          |       |       |     3 |     1 ||     4
         Distracted        |       |       |       |     1 ||     1
 Armour: Animal skin       |    12 |       |       |       ||    12
         Leather armour    |    11 |       |       |       ||    11
         Chain mail        |     6 |    20 |       |       ||    26
         Scale mail        |       |     6 |    60 |       ||    66
         Ring mail         |       |       |    75 |   128 ||   203
  Dodge: Dodged            |    63 |    34 |   165 |   152 ||   414
